 Dungeon Crawl Stone Soup version 0.28.0-43-g3370ac3207 (webtiles) character file.

Game seed: 12494228753570535224

37 experimilk the Sneak (level 3, 0/28 HPs)
             Began as a Barachi Brigand on Mar 14, 2022.
             Succumbed to an adder's poison
             ... on level 2 of the Dungeon.
             The game lasted 00:07:57 (2136 turns).

experimilk the Sneak (Barachi Brigand)              Turns: 2136, Time: 00:07:58

Health: 0/28       AC:  3    Str: 12    XL:     3   Next: 39%
Magic:  3/3        EV: 12    Int: 11    God:
Gold:   24         SH:  0    Dex: 15    Spells: 2/2 levels left

rFire   . . .      SeeInvis .   a - +2 dagger
rCold   . . .      Faith    .   (no shield)
rNeg    . . .      Spirit   .   b - +0 robe
rPois   .          Reflect  .   (no helmet)
rElec   .          Harm     .   c - +0 cloak
rCorr   .          Rampage  .   (no gloves)
Will    .....                   (no boots)
Stlth   ++........              (no amulet)
HPRegen 0.09/turn               (no ring)
MPRegen 0.08/turn               (no ring)

@: lethally poisoned (0 -> -1), slow
A: amphibious, slowness 1, strong legs 1, +LOS
a: Hop


You were on level 2 of the Dungeon.
You visited 1 branch of the dungeon, and saw 2 of its levels.

You collected 24 gold pieces.

Inventory:

Hand Weapons
 a - a +2 dagger (weapon)
Missiles
 d - 7 poisoned darts (quivered)
 e - 2 curare-tipped darts
 i - 34 stones
Armour
 b - a +0 robe (worn)
 c - a +0 cloak (worn)
Scrolls
 f - a scroll of identify {unknown}
 g - a scroll of enchant armour {unknown}
 h - 2 scrolls of blinking {unknown}


   Skills:
 - Level 2.4 Fighting
 * Level 3.6 Short Blades
 + Level 2.6 Throwing
 - Level 1.1 Dodging
 - Level 3.6 Stealth


You had 2 spell levels left.
You didn't know any spells.
Your spell library contained the following spells:

 Spells                   Type           Power      Damage    Failure   Level
 Animate Armour           Summ/Erth      0%         N/A       98%         4
 Blade Hands              Tmut           0%         N/A       100%        5
 Iron Shot                Conj/Erth      0%         9d1       100%        6


Dungeon Overview and Level Annotations

Branches:
Dungeon (2/15)

Altars:

Shops:
D:1 (


Innate Abilities, Weirdness & Mutations

You are amphibious.
You cover ground slowly.
You can hop short distances.
You have an extended range of vision and can be seen from far away.


Message History

You feel sick.
The jackal bites you but does no damage.
The ball python bites you. The ball python constricts you. The adder bites you.
You are lethally poisoned!
The adder poisons you!
You are too injured to fight recklessly!
You are too injured to fight recklessly!
Unknown command.
You are too injured to fight recklessly!
You are too injured to fight recklessly!
It was a potion of curing.
You feel better. The jackal closely misses you. The ball python bites you.
The ball python constricts you. The adder closely misses you.
The jackal bites you but does no damage.
The ball python closely misses you. The ball python constricts you.
The ball python's grasp on you weakens, but your attempt to escape fails.
The adder bites you but does no damage. The jackal closely misses you.
The ball python barely misses you. The ball python constricts you.
The adder bites you.
You escape the ball python's grasp.
The jackal completely misses you. The jackal misses you. The adder bites you.
* * * LOW HITPOINT WARNING * * *
You are lethally poisoned!
The adder poisons you! The jackal closely misses you.
* * * LOW HITPOINT WARNING * * *
You feel sick.
* * * LOW HITPOINT WARNING * * *
You feel sick. The jackal barely misses you.
* * * LOW HITPOINT WARNING * * *
You feel sick. The adder closely misses you. The jackal completely misses you.
* * * LOW HITPOINT WARNING * * *
You feel sick. The adder completely misses you.
You hit the jackal.
The jackal is almost dead.
* * * LOW HITPOINT WARNING * * *
You feel sick. The jackal closely misses you.
You hit the jackal.
You kill the jackal!
You die...

######### #.......#
#################....?..##
...............+.......>#
..##.........###........#
#.##....................#
#.##......SS............#
#####.##....##@†.....######.#
#...........##########
#...........# #...........#
###..........##
.........##.## #######...#.#
#.#.#.. #.#.#.##


You could see an adder and a ball python.

Vanquished Creatures
  2 dart slugs (D:1)
  3 ball pythons
  3 endoplasms
  2 goblins
  3 hobgoblins
  6 jackals (D:2)
  2 quokkas
  2 bats (D:1)
  2 kobolds (D:1)
  4 rats (D:1)
29 creatures vanquished.

Notes
Turn   | Place    | Note
-------+----------+-------------------------------------------
     0 | D:1      | experimilk the Barachi Brigand began the quest for the Orb.
     0 | D:1      | Reached XP level 1. HP: 17/17 MP: 1/1
     7 | D:1      | Found Kukleczu's Weapon Emporium.
   530 | D:1      | Reached XP level 2. HP: 13/23 MP: 2/2
  1935 | D:2      | Reached XP level 3. HP: 26/28 MP: 3/3
  2135 | D:2      | HP: 1/28 [poisoned by an adder]
  2136 | D:2      | Succumbed to an adder's poison

Illustrated notes

Levels and vault maps discovered:
D:1:      dpeg_arrival_shelter, layout_loops_ring, serial_shops, shop,
          chequers_serial_rivers_micro_e, hangedman_decor_push,
          hangedman_decor_clover_reticule
D:2:      wad_crossroads, layout_basic

Skill      XL: |  1  2 |
---------------+-------+-----
Short Blades   | 3 |  3.6
Fighting       | |  2.4
Throwing       | |  2.6
Dodging        | |  1.1
Stealth        | |  3.6

Action                   || total
-------------------------++-------
Melee: Dagger            ||    82
       Punch             ||     1
Throw: Dart              ||    17
 Abil: Hop               ||     1
  Use: Potion            ||     1
 Stab: Sleeping          ||     5
Armor: Robe              ||    24
Dodge: Dodged            ||    47
